AoeStats
← GROBESPIERRE

Nomad

508059798Analyzed
4v4 RM · 10d ago on Sep 20, 2026· 48m 36s· 8 players
Game mode
Random Map
Map size
231×231
Population
200
Speed
Normal
Resources
Standard
Victory
Conquest
Starting age
Dark Age
Ending age
Imperial Age
RankedLock teamsTeams togetherTeam positionsShared explorationLock speedFull tech treeHidden civsTurbo modeCheats
Victory
Defeat
🇫🇮 Mongols · Finland
1047
+15
🇩🇪 Dravidians · Germany
1030
+16
🇬🇧 Maya · United Kingdom
1028
+16
🇫🇮 Huns · Finland
1015
+17
🇫🇷 Ethiopians · France
1120
-19
🇫🇷 Persians · France
1047
-17
🇬🇧 Khmer · United Kingdom
981
-14
🇩🇪 Vikings · Germany
974
-14
haratass
14:49 Feudal Age
15:17 Double-Bit Axe
19:36 Castle Age
18:53 Fishing Lines
20:45 Bow Saw
23:39 Bloodlines
23:31 Gillnets
24:31 Husbandry
25:13 Wheelbarrow
24:41 Gillnets
28:43 Gold Mining
29:51 Scale Barding Armor
29:57 Forging
29:38 Fletching
32:31 Bodkin Arrow
32:36 Padded Archer Armor
34:15 Ballistics
36:31 Imperial Age
34:41 Hand Cart
35:27 Town Watch
35:48 Stone Mining
37:22 Leather Archer Armor
40:22 Imperial Age
37:37 Horse Collar
38:39 Heavy Plow
40:24 Elite Mangudai
42:07 Chemistry
41:31 Bracer
41:52 Thumb Ring
42:21 Parthian Tactics
42:38 Conscription
45:10 Siege Engineers
Mugetsu
3:16 Loom
13:07 Feudal Age
13:54 Double-Bit Axe
19:33 Castle Age
17:52 Town Watch
18:11 Gold Mining
21:41 Wheelbarrow
21:07 Town Patrol
21:32 Bow Saw
21:20 Arson
20:56 Eagle Warrior
22:10 Horse Collar
23:46 Heavy Plow
25:31 Stone Mining
29:32 Fletching
29:43 Scale Mail Armor
29:51 Squires
30:34 Forging
30:57 Bodkin Arrow
31:50 Chain Mail Armor
31:15 Pikeman
34:56 Iron Casting
38:25 Imperial Age
36:52 Ballistics
40:20 Conscription
41:25 Holcans
41:32 Holcans
42:58 Bracer
43:59 Blast Furnace
43:29 Plate Mail Armor
44:16 Padded Archer Armor
45:26 Chemistry
46:03 Elite Eagle Warrior
Mahihan
5:12 Loom
14:53 Feudal Age
15:48 Double-Bit Axe
20:17 Castle Age
18:11 Horse Collar
19:20 Fletching
21:42 Thumb Ring
21:52 Husbandry
21:50 Bodkin Arrow
22:12 Bow Saw
24:36 Scale Barding Armor
30:22 Wheelbarrow
33:35 Hand Cart
34:00 Chain Barding Armor
33:43 Town Watch
34:11 Heavy Plow
35:55 Padded Archer Armor
41:06 Leather Archer Armor
47:35 Imperial Age
48:31 Elite Elephant Archer
Fluffipro
14:19 Loom
16:26 Feudal Age
21:39 Castle Age
20:09 Horse Collar
22:02 Bloodlines
21:49 Fletching
22:05 Scale Barding Armor
23:54 Fishing Lines
25:01 Wheelbarrow
26:02 Double-Bit Axe
29:17 Heavy Plow
35:31 Hand Cart
38:23 Imperial Age
35:40 Town Watch
37:18 Forging
37:09 Padded Archer Armor
37:10 Scale Mail Armor
38:04 Stone Mining
38:04 Gold Mining
38:30 Bow Saw
39:37 Hand Cart
41:28 Thumb Ring
41:36 Town Patrol
42:40 Two-Man Saw
45:35 Parthian Tactics
45:31 Elite Tarkan
46:52 Heavy Cavalry Archer
47:40 Bodkin Arrow
tomahawk
5:52 Loom
14:01 Feudal Age
14:57 Horse Collar
15:49 Double-Bit Axe
21:27 Castle Age
20:39 Forging
20:35 Scale Barding Armor
20:35 Gold Mining
22:57 Bloodlines
26:53 Iron Casting
27:18 Husbandry
28:59 Chain Barding Armor
34:13 Wheelbarrow
37:51 Hand Cart
38:38 Gold Shaft Mining
38:14 Bow Saw
38:10 Heavy Plow
39:54 Stone Mining
42:48 Imperial Age
41:52 Fletching
43:04 Ballistics
43:59 Double Crossbow
44:21 Heavy Scorpion
44:25 Elite Battle Elephant
GROBESPIERRE
9:24 Loom
14:56 Feudal Age
18:52 Castle Age
23:11 Forging
26:01 Scale Mail Armor
26:26 Fletching
28:18 Fishing Lines
31:39 Gillnets
34:53 Elite Skirmisher
36:51 Double-Bit Axe
39:58 Wheelbarrow
39:49 Crossbowman
42:24 Thumb Ring
43:51 Padded Archer Armor
45:47 Bodkin Arrow
46:47 Ballistics
47:55 Leather Archer Armor
chichi
12:25 Loom
14:53 Feudal Age
21:23 Double-Bit Axe
21:24 Horse Collar
24:55 Wheelbarrow
26:57 Castle Age
25:12 Bloodlines
25:12 Scale Barding Armor
25:18 Forging
28:26 Husbandry
29:18 Iron Casting
29:05 Chain Barding Armor
34:08 Hand Cart
37:18 Fletching
38:10 Ballistics
44:56 Fervor
45:36 Town Watch
gerobbes
5:45 Loom
14:23 Feudal Age
15:06 Double-Bit Axe
15:27 Horse Collar
15:54 Fishing Lines
21:00 Castle Age
19:39 Stone Mining
22:06 Bow Saw
21:58 Heavy Plow
23:32 Gold Mining
26:22 Gold Shaft Mining
29:56 Imperial Age
28:10 Scale Mail Armor
28:23 Forging
29:40 Gillnets
31:15 Crop Rotation
31:54 Two-Man Saw
32:20 Conscription
34:50 Chieftains
34:11 Elite Berserk
36:30 Chain Mail Armor
36:05 Arson
37:42 Iron Casting
37:11 Squires
37:20 Elite Berserk
40:47 Chemistry
39:58 Fortified Wall
39:44 Murder Holes
40:10 Ballistics
41:53 Plate Mail Armor
43:03 Blast Furnace
Connection lost

Rejoining the realm…

Still unreachable

The connection could not be restored.

Session expired

The server has moved on; the page needs a fresh start.